 Dungeon Crawl Stone Soup version 0.24-a0-516-g9de272bb65 (webtiles) character file.

Game seed: 10467481684403345632

21989 Azzok the Thaumaturge (level 12, -9/68 HPs)
             Began as a Deep Elf Fire Elementalist on July 21, 2019.
             Was a High Priest of Vehumet.
             Killed from afar by Jorgrun (47 damage)
             ... with an iron shot
             ... on level 12 of the Dungeon.
             The game lasted 00:30:32 (17401 turns).

Azzok the Thaumaturge (Deep Elf Fire Elementalist) Turns: 17401, Time: 00:30:32

Health: -9/68      AC:  7    Str:  5    XL:     12   Next: 59%
Magic:  11/31      EV: 17    Int: 26    God:    Vehumet [*****.]
Gold:   531        SH:  0    Dex: 15    Spells: 24/37 levels left

rFire    . . .     SeeInvis .   r - +3 quarterstaff (chaos)
rCold    . . .     Gourm    .   (shield currently unavailable)
rNeg     . . .     Faith    .   I - +0 robe (curse)
rPois    +         Spirit   .   g - +1 helmet
rElec    .         Reflect  .   J - +1 cloak
rCorr    .         Harm     .   u - +0 pair of gloves
MR       +....                  (no boots)
Stlth    +++.......             B - amulet of magic regeneration
HPRegen  0.21/turn              f - +2 ring of evasion
MPRegen  0.47/turn              m - ring of poison resistance

@: lethally poisoned (-9 -> -10), about to teleport
A: no striking features
a: Renounce Religion


You were on level 12 of the Dungeon.
You worshipped Vehumet.
Vehumet was extremely pleased with you.
You were not hungry.

You visited 1 branch of the dungeon, and saw 12 of its levels.

You collected 545 gold pieces.
You spent 14 gold pieces at shops.

Inventory:

Hand Weapons
 r - a +3 quarterstaff of chaos (weapon)
Armour
 g - a +1 helmet (worn)
 k - a scarf of cloud immunity
 u - a +0 pair of gloves (worn)
 I - a cursed +0 robe (worn)
 J - a +1 cloak (worn)
Jewellery
 f - a +2 ring of evasion (left hand)
 m - a ring of poison resistance (right hand)
 y - an uncursed ring of protection from fire
 B - an amulet of magic regeneration (around neck)
Wands
 d - a wand of polymorph (9)
 q - a wand of flame (99)
 x - a wand of acid (9)
 E - a wand of digging (3)
 F - a wand of random effects (21)
Scrolls
 a - 2 scrolls of vulnerability {unknown}
 b - 5 scrolls of teleportation
 i - 3 scrolls of fog {unknown}
 j - 2 scrolls of amnesia {unknown}
 l - a scroll of magic mapping {unknown}
 o - 7 scrolls of remove curse {unknown}
 t - a scroll of noise {unknown}
 w - a scroll of fear {unknown}
 A - a scroll of enchant armour {unknown}
 D - a scroll of enchant weapon {unknown}
 G - a scroll of immolation {unknown}
Potions
 e - 3 potions of brilliance
 h - 9 potions of curing
 n - 4 potions of lignification
 p - 2 potions of might
 s - a potion of invisibility {unknown}
 v - a potion of mutation {!q}
 z - 2 potions of heal wounds
 C - a potion of ambrosia
Comestibles
 c - 10 rations


   Skills:
 - Level 5.0 Fighting
 - Level 5.0 Dodging
 - Level 5.2 Stealth
 + Level 13.4 Spellcasting
 + Level 11.4 Conjurations
 + Level 11.8 Fire Magic
 + Level 8.6 Evocations


You had 24 spell levels left.
You knew the following spells:

 Your Spells              Type           Power        Failure   Level  Hunger
a - Flame Tongue          Conj/Fire      #####        1%          1    None
b - Conjure Flame         Conj/Fire      ######..     1%          3    None
c - Sticky Flame          Conj/Fire      ######..     1%          4    None
d - Fireball              Conj/Fire      ######....   1%          5    ##.....

Your spell library contained the following spells:

 Spells                   Type           Power        Failure   Level  Hunger
 Yara's Violent Unravell  Hex/Tmut       ###.......   22%         5    ##.....
 Throw Flame              Conj/Fire      ######       1%          2    None
 Inner Flame              Hex/Fire       #####...     1%          3    None


Dungeon Overview and Level Annotations

Branches:
Dungeon (12/15)            Temple (0/1) D:6            Lair (0/6) D:8
    Orc (0/2) D:11

Altars:
Ashenzari
Dithmenos
Elyvilon
Fedhas
Nemelex Xobeh
Okawaru
Sif Muna
Uskayaw
Vehumet
Wu Jian
Yredelemnul
Beogh

Shops:
D:4 (   D:5 *=[:}   D:8 !

Annotations:
D:1 exclusion: plant
D:9 2 transporters
D:11 exclusion: 4 oklob plants
D:12 Jorgrun


Message History

You kill the entropy weaver!
Vehumet accepts your kill.
You feel your power returning.
You feel sick.
Jorgrun Earthshaker comes into view.
He is wielding a staff of earth and wearing a +2 robe of the Archmagi.
You feel sick.
Jorgrun points at you and mumbles some strange words.
Roots burst forth from the earth!
The grasping roots grab you! The grasping roots constrict you.
You escape the roots' grasp.
You feel sick.
You hear a grinding noise.
You feel sick.
Okay, then.
As you read the scroll of teleportation, it crumbles to dust.
You feel strangely unstable.
You feel sick.
Jorgrun points at you and mumbles some strange words.
The iron shot hits you!!!
Ouch! That really hurt!
You die...

·▒▒▒ ▒·▒<······▒▒·▒ ···
▒·▒▒†········ ▒▒··
▒·▒▒··[[·▒▒▒
▒···▒▒▒▒▒▒▒·▒▒▒▒··▒▒···
▒·······g·····[····▒
▒▒·····)····▒▒·▒▒▒▒
▒▒·····[[····▒ ·▒
▒▒············▒ ··
▒▒▒··▒······@··(▒ ▒▒▒
▒···▒▒··········▒
▒▒·▒▒▒▒···········▒
▒··▒ ▒▒▒▒▒▒▒···▒·▒
▒▒▒a▒▒ ▒··[···· ▒▒···▒
▒·▒▒····· ▒·<▒▒▒ ▒·▒
····· ··▒▒ ▒·▒ ·▒▒· ▒·


You could see Jorgrun.

Vanquished Creatures
  An entropy weaver (D:12)
  2 hydras
  Erica (D:10)
  A centaur warrior (D:11)
  3 two-headed ogres
  A skeletal warrior (D:11)
  An unseen horror (D:10)
  An ugly thing (D:9)
  2 deep elf magi
  A cyclops (D:11)
  Maurice (D:9)
  A centaur zombie (D:11)
  3 gargoyles
  A freezing wraith (D:11)
  A queen bee (D:11)
  A troll (D:11)
  Prince Ribbit (D:6)
  3 slime creatures (D:11)
  3 hippogriffs
  2 wyverns (D:10)
  A vampire (D:9)
  2 wargs (D:8)
  12 soldier ants
  A water moccasin (D:11)
  6 orc warriors
  4 ice beasts
  3 sky beasts
  An eye of draining (D:11)
  7 centaurs
  7 necrophages
  6 ogres
  Blork the orc (D:6)
  6 bullfrogs
  A big kobold (D:7)
  A wyvern zombie (D:12)
  3 scorpions
  47 killer bees
  5 wights (D:12)
  2 howler monkeys
  6 electric eels (D:8)
  6 crimson imps
  3 centaur skeletons
  A jelly (D:12)
  Crazy Yiuf (D:2)
  7 orc priests
  6 hounds
  6 orc wizards
  A bullfrog skeleton (D:4)
  4 iguanas
  Jessica (D:2)
  7 worker ants
  Natasha (thrice) (D:2)
  A hound zombie (D:4)
  Robin (D:2)
  3 hound skeletons
  A worker ant zombie (D:11)
  7 gnolls
  19 adders
  A howler monkey skeleton (D:5)
  6 shadow imps
  An ooze (D:1)
  2 adder skeletons (D:9)
  3 worms
  A dart slug (D:4)
  10 leopard geckos
  55 orcs
  3 giant cockroaches
  17 goblins
  13 hobgoblins
  17 jackals
  4 quokkas
  8 bats
  6 frilled lizards
  12 kobolds
  A leopard gecko zombie (D:9)
  9 rats
  A plant (D:8)
401 creatures vanquished.

Vanquished Creatures (others)
  An orc (D:4)
  A bush (D:6)
  8 plants (D:6)
10 creatures vanquished.

Grand Total: 411 creatures vanquished

Notes
Turn   | Place    | Note
-------+----------+-------------------------------------------
     0 | D:1      | Azzok the Deep Elf Fire Elementalist began the quest for
                  | the Orb.
     0 | D:1      | Reached XP level 1. HP: 10/10 MP: 6/6
   157 | D:1      | Reached XP level 2. HP: 15/15 MP: 4/8
   876 | D:1      | Reached XP level 3. HP: 13/19 MP: 0/9
   881 | D:1      | Learned a level 3 spell: Conjure Flame
  1326 | D:2      | Noticed Robin
  1328 | D:2      | Noticed Jessica
  1722 | D:2      | Reached XP level 4. HP: 18/24 MP: 3/11
  1745 | D:2      | Learned a level 4 spell: Sticky Flame
  1976 | D:2      | Killed Robin
  2061 | D:2      | Killed Jessica
  2061 | D:2      | Reached skill level 4 in Spellcasting
  2109 | D:2      | Found a runed translucent door.
  2110 | D:2      | Noticed Crazy Yiuf
  2139 | D:2      | Noticed Natasha
  2240 | D:2      | Killed Natasha
  2240 | D:2      | Reached XP level 5. HP: 21/28 MP: 5/13
  2275 | D:2      | Noticed Natasha
  2315 | D:2      | Killed Natasha
  2362 | D:2      | Noticed Natasha
  2368 | D:2      | Killed Natasha
  2705 | D:2      | Killed Crazy Yiuf
  2997 | D:3      | Reached XP level 6. HP: 15/32 MP: 3/14
  3793 | D:3      | Found an ornate altar of the Wu Jian Council.
  4362 | D:4      | Reached skill level 5 in Spellcasting
  4651 | D:4      | Found a basalt altar of Yredelemnul.
  4654 | D:4      | Found a white marble altar of Elyvilon.
  4657 | D:4      | Found a shattered altar of Ashenzari.
  4660 | D:4      | Found a shadowy altar of Dithmenos.
  4695 | D:4      | Found a radiant altar of Vehumet.
  4704 | D:4      | Became a worshipper of Vehumet
  4787 | D:4      | Reached XP level 7. HP: 36/36 MP: 9/16
  4844 | D:4      | Learned a level 5 spell: Fireball
  4858 | D:4      | Reached skill level 5 in Fire Magic
  4893 | D:4      | Found Eguuson's Weapon Emporium.
  4901 | D:4      | Reached skill level 5 in Stealth
  5308 | D:4      | Found a deep blue altar of Sif Muna.
  5677 | D:5      | Entered Level 5 of the Dungeon
  5710 | D:5      | Found Purimaif's Armour Shoppe.
  5779 | D:4      | Reached skill level 5 in Dodging
  6165 | D:5      | Found Sulurr's Jewellery Shop.
  6459 | D:5      | Found a sparkling altar of Nemelex Xobeh.
  6493 | D:5      | Found Fuadil's Book Emporium.
  6522 | D:5      | Reached skill level 1 in Fighting
  6694 | D:5      | Reached skill level 6 in Spellcasting
  6709 | D:5      | Reached XP level 8. HP: 27/43 MP: 0/19
  6711 | D:5      | Reached * piety under Vehumet
  6711 | D:5      | Offered knowledge of Sandblast by Vehumet.
  6837 | D:5      | Found Ystreothy's Gadget Boutique.
  7048 | D:5      | Found Ishiov's General Store.
  7353 | D:6      | Found a staircase to the Ecumenical Temple.
  7433 | D:6      | Reached skill level 5 in Conjurations
  7680 | D:6      | Noticed Blork the orc
  7694 | D:6      | Killed Blork the orc
  7856 | D:6      | Reached skill level 7 in Spellcasting
  7944 | D:6      | Noticed Prince Ribbit
  7949 | D:6      | Killed Prince Ribbit
  8242 | D:6      | Found a blossoming altar of Fedhas.
  8473 | D:6      | Reached XP level 9. HP: 51/51 MP: 6/22
  8739 | D:6      | Reached skill level 8 in Spellcasting
  9186 | D:7      | Offered knowledge of Freeze by Vehumet.
  9202 | D:7      | Reached ** piety under Vehumet
  9607 | D:7      | Reached skill level 9 in Spellcasting
 10975 | D:8      | Noticed a +0 dagger
 10977 | D:8      | Noticed a +0 dagger
 11135 | D:8      | Found a staircase to the Lair.
 11177 | D:8      | Reached XP level 10. HP: 58/58 MP: 7/25
 11349 | D:8      | Found Yfautia's Distillery.
 11373 | D:8      | Offered knowledge of Ignite Poison by Vehumet.
 11450 | D:8      | Found a hide-covered altar of Uskayaw.
 11514 | D:8      | Bought a potion of degeneration for 14 gold pieces
 11924 | D:8      | Noticed a gargoyle
 11929 | D:8      | Killed a gargoyle
 11929 | D:8      | Reached skill level 5 in Fighting
 11955 | D:8      | Reached skill level 1 in Evocations
 12012 | D:8      | Reached *** piety under Vehumet
 12504 | D:9      | Found a transporter.
 12506 | D:9      | Noticed a brown ugly thing
 12508 | D:9      | Noticed a centaur warrior
 12633 | D:9      | Noticed a two-headed ogre
 12634 | D:9      | Noticed a fire dragon
 12642 | D:9      | Found a transporter.
 12646 | D:9      | Reached skill level 10 in Spellcasting
 12736 | D:9      | Noticed Maurice
 12741 | D:9      | Killed Maurice
 12987 | D:9      | Noticed a cyan ugly thing
 13010 | D:9      | Killed a cyan ugly thing
 13010 | D:9      | Offered knowledge of Fulminant Prism by Vehumet.
 13345 | D:9      | Found an iron altar of Okawaru.
 13652 | D:10     | Entered Level 10 of the Dungeon
 13817 | D:10     | Noticed a gargoyle
 13822 | D:10     | Killed a gargoyle
 13889 | D:10     | Noticed a seven-headed hydra
 13983 | D:10     | Noticed an unseen horror
 13985 | D:10     | Killed an unseen horror
 13985 | D:10     | Reached skill level 11 in Spellcasting
 13985 | D:10     | Reached XP level 11. HP: 53/63 MP: 18/28
 13987 | D:10     | Reached **** piety under Vehumet
 14062 | D:10     | Killed a seven-headed hydra
 14062 | D:10     | Reached skill level 5 in Evocations
 14183 | D:10     | Noticed a two-headed ogre
 14186 | D:10     | Killed a two-headed ogre
 14186 | D:10     | Reached skill level 10 in Fire Magic
 14279 | D:10     | Noticed Erica
 14564 | D:10     | Killed Erica
 14837 | D:11     | Found a staircase to the Orcish Mines.
 15132 | D:11     | Noticed a two-headed ogre
 15138 | D:11     | Killed a two-headed ogre
 15138 | D:11     | Reached skill level 10 in Conjurations
 15196 | D:11     | Noticed a two-headed ogre
 15199 | D:11     | Killed a two-headed ogre
 15199 | D:11     | Offered knowledge of Iskenderun's Mystic Blast by Vehumet.
 15199 | D:11     | Reached skill level 12 in Spellcasting
 15400 | D:11     | Noticed a five-headed hydra
 15411 | D:11     | Killed a five-headed hydra
 15601 | D:11     | Found a roughly hewn altar of Beogh.
 15658 | D:11     | Noticed a skeletal warrior
 15668 | D:11     | Killed a skeletal warrior
 15722 | D:11     | Reached XP level 12. HP: 68/68 MP: 24/30
 16215 | D:11     | Reached ***** piety under Vehumet
 16504 | D:11     | Noticed a centaur warrior
 16507 | D:11     | Killed a centaur warrior
 16511 | D:11     | Offered knowledge of Yara's Violent Unravelling by Vehumet.
 16728 | D:12     | Reached skill level 13 in Spellcasting
 16849 | D:12     | Noticed an entropy weaver
 17389 | D:12     | Killed an entropy weaver
 17391 | D:12     | Noticed Jorgrun
 17401 | D:12     | Killed from afar by Jorgrun

Levels and vault maps discovered:
D:1:      roderic_crop_circles_arrival_small, layout_basic,
          hangedman_feature_mirror
D:2:      kennysheep_the_goblin_king, layout_basic, uniq_jessica, uniq_robin,
          uniq_natasha, uniq_crazy_yiuf_cottage
D:3:      layout_basic, lemuel_crystal_altar
D:4:      layout_layer_cave, fiery_altar_vehumet,
          grunt_temple_overflow_cloverleaf, serial_shops, shop,
          kennysheep_big_empty_room, serial_bayou_pond_b, led_sif_pool
D:5:      layout_loops_ring, overflow_temple_1_default, serial_shops, shop,
          nicolae_shop_trees, shop, shop, kennysheep_little_box, first_ration,
          minmay_crossroads
D:6:      layout_loops_corners, minmay_temple_entry_wispy,
          fedhas_altar_decomposition, uniq_prince_ribbit1, uniq_blork_the_orc
D:7:      cheibrodos_quashed, layout_basic
D:8:      cheibrodos_two_vegetables, layout_basic, dancing_weapons_uskayaw,
          erik_lair_orcish_takeover, serial_shops, shop, enter_ossuary_1
D:9:      gammafunk_sealed_arena, layout_cave_pods, lemuel_doored_altar,
          uniq_maurice
D:10:     layout_rooms, uniq_erica
D:11:     hangedman_what_comes_after_a, layout_basic,
          minmay_orc_entry_temple_small
D:12:     layout_rooms, blue_anna_alchemist [blue_anna_fruit_fields,
          blue_anna_fruit_fields], minivault_29, uniq_jorgrun

Skill      XL: |  1  2  3  4  5  6  7  8  9 10 11 12 |
---------------+-------------------------------------+-----
Stealth        | 3 4 5 |  5.2
Dodging        | 3 4 5 |  5.0
Conjurations   | 2 3 4 6 7 9 10 11 | 11.4
Spellcasting   | 4 5 6 7 9 11 12 13 | 13.4
Fire Magic     | 4 5 7 8 9 11 | 11.8
Fighting       | 1 3 4 5 |  5.0
Evocations     | 4 7 8 |  8.6

Action                   |  1- 3 |  4- 6 |  7- 9 | 10-12 || total
-------------------------+-------+-------+-------+-------++-------
Melee: Unarmed           |    13 |       |       |       ||    13
       Quarterstaff      |       |     5 |    24 |    35 ||    64
 Cast: Flame Tongue      |    82 |   137 |   214 |    83 ||   516
       Sticky Flame      |       |     7 |    44 |    40 ||    91
       Conjure Flame     |       |       |     1 |     1 ||     2
       Fireball          |       |       |     7 |   198 ||   205
Evoke: Wand              |       |       |     1 |     3 ||     4
  Use: Scroll            |       |       |     7 |     8 ||    15
 Stab: Sleeping          |       |     1 |     2 |       ||     3
       Paralysed         |       |       |       |     2 ||     2
  Eat: Chunk             |     1 |     8 |    21 |    22 ||    52
       Ration            |     1 |       |     1 |     6 ||     8
Armor: Robe              |     8 |     9 |    26 |    24 ||    67
Dodge: Dodged            |    48 |    48 |   105 |   111 ||   312

Table legend:
 A = Non-vault XP
 B = Vault XP
 C = Vault XP percentage of total XP
 D = Non-vault monster count
 E = Vault monster count
 F = Vault count percentage of total count
                 A         B        C        D         E       F
            +---------+---------+-------+---------+---------+-------
      Total |   16015 |   15399 |  49.0 |     272 |     128 |  32.0
            +---------+---------+-------+---------+---------+-------
        D:1 |      33 |       6 |  15.4 |      20 |       3 |  13.0
        D:2 |     143 |     163 |  53.3 |      25 |      20 |  44.4
        D:3 |     193 |       0 |   0.0 |      32 |       0 |   0.0
        D:4 |     334 |       3 |   0.9 |      25 |       1 |   3.8
        D:5 |     580 |      98 |  14.5 |      27 |       2 |   6.9
        D:6 |    1018 |    1079 |  51.5 |      19 |       8 |  29.6
        D:7 |    1518 |       0 |   0.0 |      42 |       0 |   0.0
        D:8 |     118 |    1293 |  91.6 |       4 |      16 |  80.0
        D:9 |    2206 |     469 |  17.5 |      24 |       1 |   4.0
       D:10 |    4347 |     918 |  17.4 |      26 |       1 |   3.7
       D:11 |    3959 |    8430 |  68.0 |      16 |      65 |  80.2
       D:12 |    1566 |    2940 |  65.2 |      12 |      11 |  47.8
            +---------+---------+-------+---------+---------+-------
